 Dungeon Crawl Stone Soup version 0.21.1-1-g345015fe64 (webtiles) character file.

243 Peloso the Skirmisher (level 5, 0/72 HPs)
             Began as a Minotaur Fighter on June 8, 2018.
             Slain by Artool's ghost (5 damage)
             ... on level 3 of the Dungeon.
             The game lasted 00:02:59 (1870 turns).

Peloso the Skirmisher (Minotaur Fighter)            Turns: 1870, Time: 00:03:00

Health: 0/72       AC: 22    Str: 18 (21) XL:     5   Next: 82%
Magic:  0/4        EV:  2    Int:  2 (5)  God:
Gold:   56         SH:  9    Dex:  8 (10) Spells: 4/4 levels left

rFire    . . .     SeeInvis .   a - +0 long sword
rCold    . . .     Gourm    .   c - +0 shield
rNeg     + + +     Faith    .   (armour currently unavailable)
rPois    +         Spirit   +   (helmet currently unavailable)
rElec    .         Reflect  .   (cloak currently unavailable)
rCorr    .         Harm     .   (gloves currently unavailable)
MR       .....     NoTele   +   (boots currently unavailable)
Stlth    +.........             m - amulet of guardian spirit (curse)
HPRegen  0.22/turn              o - -2 ring of evasion (curse)
MPRegen  0.09/turn              (no ring)

@: tree-form
A: (retaliatory headbutt)
a: no special abilities


You were on level 3 of the Dungeon.
You were very hungry.
You were a tree.
You visited 1 branch of the dungeon, and saw 3 of its levels.

You collected 56 gold pieces.

Inventory:

Hand Weapons
 a - a +0 long sword (weapon)
Armour
 b - a +0 plate armour (melded)
 c - a +0 shield (worn)
 q - a +0 cloak of invisibility (melded)
Jewellery
 m - a cursed amulet of guardian spirit (around neck)
 o - a cursed -2 ring of evasion (left branch)
Scrolls
 d - 2 scrolls of identify {unknown}
 e - 2 scrolls of teleportation {unknown}
 h - a scroll of random uselessness {unknown}
 k - a scroll of remove curse {unknown}
 l - a scroll of immolation {unknown}
 p - a scroll of enchant weapon {unknown}
Potions
 g - a potion of lignification
 i - a potion of haste {unknown}
 j - a potion of degeneration
 n - a potion of flight {unknown}
Comestibles
 f - a ration


   Skills:
 + Level 5.0 Fighting
 + Level 4.2 Long Blades
 + Level 5.0 Armour
 + Level 0.3 Stealth
 + Level 5.0 Shields


You had 4 spell levels left.
You didn't know any spells.

Dungeon Overview and Level Annotations

Branches:
Dungeon (3/15)

Altars:
Yredelemnul

Annotations:
D:3 Artool's ghost, amateur DsBe


Innate Abilities, Weirdness & Mutations

((You reflexively headbutt those who attack you in melee.))
((You have a pair of horns on your head.))


Message History

Your roots penetrate the ground.
Artool's ghost hits you but does no damage.
You closely miss Artool's ghost.
Artool's ghost is severely damaged.
Artool's ghost hits you.
* * * LOW HITPOINT WARNING * * *
You hit Artool's ghost but do no damage.
Artool's ghost is severely damaged.
You block Artool's ghost's attack.
You closely miss Artool's ghost.
Artool's ghost is severely damaged.
Artool's ghost hits you.
* * * LOW HITPOINT WARNING * * *
You block Artool's ghost's attack.
It was a potion of degeneration.
There was something very wrong with that liquid.
You feel weakened.
You feel dopey.
You feel clumsy.
You hear the slow rusting of a distant drain.
Artool's ghost hits you!
You die...

..# ..#. #.#. #.[
#.# ##.# . . #..#
..
....#####..####.##
#....♣W.........
#######.....#...
#.<...# ###!### .#
$# ##


You could see Artool's ghost.

Vanquished Creatures
  Sigmund (D:2)
  Crazy Yiuf (D:2)
  Jessica (D:2)
  An ooze (D:2)
  3 dart slugs (D:2)
  A leopard gecko (D:3)
  2 giant cockroaches (D:1)
  5 goblins
  2 hobgoblins (D:2)
  4 jackals
  A quokka (D:2)
  2 bats
  2 frilled lizards (D:1)
  3 kobolds
  4 rats
  A spectral orc (D:2)
34 creatures vanquished.

Notes
Turn   | Place    | Note
-------+----------+-------------------------------------------
     0 | D:1      | Peloso the Minotaur Fighter began the quest for the Orb.
     0 | D:1      | Reached XP level 1. HP: 19/19 MP: 0/0
   149 | D:1      | Reached XP level 2. HP: 27/27 MP: 1/1
   883 | D:2      | Noticed Jessica
   886 | D:2      | Killed Jessica
   886 | D:2      | Reached XP level 3. HP: 32/33 MP: 2/2
   891 | D:2      | Noticed Sigmund
   911 | D:2      | Killed Sigmund
   911 | D:2      | Reached XP level 4. HP: 12/41 MP: 3/3
   911 | D:2      | Reached XP level 5. HP: 14/47 MP: 4/4
  1220 | D:2      | Reached skill level 5 in Fighting
  1226 | D:2      | Found a basalt altar of Yredelemnul.
  1643 | D:2      | Found a runed door.
  1647 | D:2      | Noticed Crazy Yiuf
  1652 | D:2      | Killed Crazy Yiuf
  1652 | D:2      | Reached skill level 5 in Armour
  1652 | D:2      | Reached skill level 5 in Shields
  1831 | D:3      | Noticed Artool's ghost (amateur DsBe)
  1870 | D:3      | Slain by Artool's ghost

Skill      XL: |  1  2  3  4  5 |
---------------+----------------+-----
Fighting       | 4 5 |  5.0
Long Blades    | 3 4 |  4.2
Armour         | 4 5 |  5.0
Shields        | 4 5 |  5.0
Stealth        | |  0.3

Action                   |  1- 3 |  4- 6 || total
-------------------------+-------+-------++-------
Melee: Long sword        |    41 |    79 ||   120
       Headbutt          |     5 |    17 ||    22
  Use: Potion            |     1 |     2 ||     3
  Eat: Chunk             |       |     2 ||     2
Armor: Plate armour      |    28 |    42 ||    70
       Skin              |       |     1 ||     1
Dodge: Dodged            |     4 |     6 ||    10
Block: Shield            |    10 |    48 ||    58
       Rpst.: Long sword |       |     1 ||     1
